 Seeded DCSS version 0.31-a0-662-g684573625c (webtiles) character file.

Game seed: 20230711 (custom seed)

77 CInkIbrahim the Slasher (level 4, 33/33 HPs)
             Began as a Demonspawn Gladiator on Sept 1, 2023.
             Was a Follower of Cheibriados.
             Quit the game on level 2 of the Dungeon.
             The game lasted 00:03:28 (1427 turns).

CInkIbrahim the Slasher (Demonspawn Gladiator)      Turns: 1427, Time: 00:03:28

Health: 33/33      AC:  9    Str: 16    XL:     4   Next: 14%
Magic:  4/4        EV: 11    Int: 14    God:    Cheibriados [*.....]
Gold:   29         SH:  0    Dex: 18    Spells: 3/3 levels left

rFire   . . .        b - +2 dagger (venom)
rCold   . . .        (no shield)
rNeg    . . .        h - +3 ring mail
rPois   .            c - +0 helmet
rElec   .            (no cloak)
rCorr   .            (no gloves)
SInv    .            (no boots)
Will    .....        (no amulet)
Stlth   +            (no ring)
HPRegen 0.25/turn    (no ring)
MPRegen 0.09/turn

%: no passive effects
@: very slow
A: powered by death 1, big brain 1, demonic touch 1
a: Renounce Religion, Bend Time


You were on level 2 of the Dungeon.
You worshipped Cheibriados.
Cheibriados was aware of your devotion.
You visited 1 branch of the dungeon, and saw 2 of its levels.

You collected 29 gold pieces.

Inventory:

Hand Weapons
 a - a +0 long sword
 b - a +2 dagger of venom (weapon)
Missiles
 d - 3 throwing nets (quivered)
 e - a javelin
Armour
 c - a +0 helmet (worn)
 h - a +3 ring mail (worn)
 k - a +0 leather armour
Scrolls
 f - a scroll of identify
 g - a scroll of teleportation
 m - a scroll of revelation
 n - a scroll of immolation
Potions
 i - a potion of resistance {unknown}
 j - 2 potions of curing {unknown}
 l - a potion of magic {unknown}


   Skills:
 - Level 2.0 Fighting
 + Level 4.6 Long Blades
 - Level 1.7 Throwing
 - Level 2.6 Dodging


You had 3 spell levels left.
You didn't know any spells.
Your spell library contained the following spells:

 Spells                   Type           Power      Damage    Failure   Level
 Dazzling Flash           Conj/Hex       0%         N/A       86%         3
 Agony                    Necr           0%         N/A       100%        5
 Silence                  Hex/Air        0%         N/A       100%        5


Dungeon Overview and Level Annotations

Branches:
Dungeon (2/15)

Altars:
Cheibriados


Innate Abilities, Weirdness & Mutations

You regenerate a little health from kills.
You have an unusually large brain. (Int +2)
Your touch may inflict minor irresistible damage on your foes.


Message History

You hit the rat but do no damage.
The rat is poisoned.
You touch the rat.
You kill the rat!
Key pressed, stopping explore.
No target in view!
n - a scroll labelled KAR AWUJAXOR No target in view!
As you open the door, it creaks loudly!
A frilled lizard comes into view.
The frilled lizard hisses angrily.
There is an open door here.
A frilled lizard is nearby!
You hit the frilled lizard.
You kill the frilled lizard!
Done exploring.
No target in view!
Done exploring.
No target in view!
Done exploring.
No target in view!
Done exploring.
No target in view!
Search for what [Enter for "."]? altar
There is an open door here.
There is an open door here.
There is a faded altar of an unknown god here.
This altar belongs to (a) Cheibriados, (b) Fedhas or (c) Gozag, but you can't tell which.
Press the corresponding letter to learn more about a god, or press enter to convert or escape to cancel.
Cheibriados accepts your prayer! Cheibriados welcomes you!
Cheibriados begins to support your attributes as your movement slows.
Cheibriados is now slowing the effects of poison on you.
You can now bend time to slow others.
Cheibriados raises the support of your attributes as your movement slows.
As you read the scroll labelled POCAFEG IHEOR, it crumbles to dust.
It is a scroll of identify.
n - a scroll of immolation
As you read the scroll of identify, it crumbles to dust.
m - a scroll of revelation
As you read the scroll of identify, it crumbles to dust.
g - a scroll of teleportation Are you sure you want to abandon this character and quit the game? (Confirm with "yes".)

#.#.# #.....#
#.#.# #######
#.#.# ##.#.#####
###
#..#♣#...####♣.#
#...♣.♣♣♣♣♣.♣♣.#
#..♣.♣♣♣.♣.♣♣♣.#
#....♣♣.♣♣♣.♣♣.#
##..♣.♣...♣.@♣♣.#
#.....♣.♣..♣♣♣♣.#
#.#...♣.♣♣♣.♣♣..#
#.#...♣♣..♣♣♣♣♣.#
#.#..♣...♣♣♣♣♣..#
#.#..♣♣♣♣♣♣..♣..#
#..#..♣.♣♣♣♣....#
##...#.♣♣.♣...###
###..........#


There were no monsters in sight!

Vanquished Creatures
  3 adders (D:2)
  A worm (D:2)
  2 dart slugs
  2 endoplasms
  2 giant cockroaches
  5 goblins
  5 hobgoblins
  2 jackals (D:1)
  4 kobolds
  5 quokkas
  2 ball pythons (D:2)
  3 bats
  5 frilled lizards
  2 rats (D:2)
43 creatures vanquished.

Notes
Turn   | Place    | Note
-------+----------+-------------------------------------------
     0 | D:1      | CInkIbrahim the Demonspawn Gladiator began the quest for
                  | the Orb.
     0 | D:1      | Reached XP level 1. HP: 16/16 MP: 1/1
   129 | D:1      | Reached skill level 3 in Long Blades
   239 | D:1      | Gained mutation: Your touch may inflict minor irresistible
                  | damage on your foes. [demonic ancestry]
   239 | D:1      | Reached XP level 2. HP: 5/22 MP: 2/2
   829 | D:2      | Reached skill level 4 in Long Blades
   829 | D:2      | Gained mutation: You regenerate a little health from kills.
                  | [demonic ancestry]
   829 | D:2      | Reached XP level 3. HP: 27/27 MP: 3/3
  1136 | D:2      | Gained mutation: You have an unusually large brain. (Int
                  | +2) [demonic ancestry]
  1136 | D:2      | Reached XP level 4. HP: 33/33 MP: 4/4
  1302 | D:2      | Found a faded altar of an unknown god.
  1423 | D:2      | Prayed at the altar of an unknown god.
  1423 | D:2      | Became a worshipper of Cheibriados the Contemplative
  1423 | D:2      | Reached * piety under Cheibriados
  1427 | D:2      | Quit the game

Illustrated notes

Levels and vault maps discovered:
D:1:      roderic_chinese_lattice_arrival, layout_loops_ring
D:2:      layout_basic, chequers_ecumenical_altar_grove

Skill      XL: |  1  2 |
---------------+-------+-----
Long Blades    | 3 4 |  4.6
Fighting       | |  2.0
Throwing       | |  1.7
Dodging        | |  2.6

Action                     |  1- 3 |  4- 6 || total
---------------------------+-------+-------++-------
  Melee: Long sword        |    86 |       ||    86
         Punch             |     1 |       ||     1
         Touch             |    11 |     1 ||    12
         Dagger            |    10 |    12 ||    22
    Use: Scroll            |       |     3 ||     3
 Armour: Leather armour    |    28 |       ||    28
         Ring mail         |    27 |     6 ||    33
  Dodge: Dodged            |    56 |     3 ||    59

Table legend: (Time is in decaauts)
 A = Elapsed time spent in this place.
 B = Non-inter-level travel time spent in this place.
 C = Inter-level travel time spent in this place.
 D = Time resting spent in this place.
 E = Time spent auto-exploring this place.
 F = Levels seen in this place.
 G = Mean time per level.
                   A        B        C        D        E       F      G
               +--------+--------+--------+--------+--------+-----+--------+
         Total |   1442 |   1378 |     64 |     47 |   1061 |   2 |  721.0 |
       Dungeon |   1442 |   1378 |     64 |     47 |   1061 |   2 |  721.0 |
               +--------+--------+--------+--------+--------+-----+--------+

Top non-repeatable levels by time:
     D:1: 749 daAuts
     D:2: 692 daAuts
